 Dungeon Sprint DCSS version 0.19.1 (webtiles) character file.

181 kraedy the Basher (level 5, -11/32 HPs)
             Began as a Gargoyle Fighter on Dec 17, 2016.
             Was a Follower of the Shining One.
             Hit by a large rock thrown by a cyclops (23 damage)
             ... in the Dungeon (Sprint V: "Ziggurat Sprint").
             The game lasted 00:06:12 (210 turns).

kraedy the Basher (Gargoyle Fighter)                 Turns: 210, Time: 00:06:12

Health: -11/32     AC: 30    Str: 33    XL:     5   Next: 61%
Magic:  5/5        EV:  7    Int:  8    God:    the Shining One [*.....]
Gold:   0          SH:  0    Dex:  9    Spells: 0 memorised, 4 levels left

rFire  + + .     SeeInvis .     c - +7 great mace "Firestarter" {inner flame, rF++}
rCold  . . .     Gourm    .     E - +15 Maxwell's patent armour {-Cast -Tele rElec MR+ rCorr}
rNeg   + . .     Faith    .     (shield currently unavailable)
rPois  ∞         Spirit   .     (no helmet)
rElec  +         Reflect  .     (no cloak)
rCorr  +         Harm     .     (no gloves)
MR     +....     NoTele   +     (no boots)
Stlth  .......... NoCast   +    (no amulet)
                                I - +6 ring of strength
                                J - +6 ring of strength

@: glowing
A: negative energy resistance 1, electricity resistance, unbreathing,
petrification resistance, rot immunity, AC +4
a: Renounce Religion


You were in the Dungeon.
You worshipped the Shining One.
The Shining One was aware of your devotion.
You were not hungry.

You visited 1 branch

Inventory:

Hand Weapons
 c - the +7 great mace "Firestarter" (weapon) {inner flame, rF++}
   (You found it in the Dungeon)

   It has been specially enchanted to burn those struck by it, causing extra
   injury to most foes and up to half again as much damage against particularly
   susceptible opponents.
   It greatly protects you from fire.
 n - a +5 demon whip
 G - the +10 dark maul {crush}
   (You found it in the Dungeon)

   It inflicts extra damage upon your enemies.
Armour
 b - a +3 buckler
 E - the +15 Maxwell's patent armour (worn) {-Cast -Tele rElec MR+ rCorr}
   (You found it in the Dungeon)

   It insulates you from electricity.
   It affects your resistance to hostile enchantments.
   It prevents spellcasting.
   It prevents most forms of teleportation.
   It protects you from acid and corrosion.
 F - the +18 shield of the Gong {rElec rN+ MR+ EV-5}
   (You found it in the Dungeon)

   It affects your evasion (-5).
   It insulates you from electricity.
   It protects you from negative energy.
   It affects your resistance to hostile enchantments.
Jewellery
 I - a +6 ring of strength (right hand)
 J - a +6 ring of strength (left hand)
 K - an uncursed ring of flight
Wands
 y - a wand of disintegration (7/24)
 B - a wand of iceblast (5/15)
 C - a wand of lightning (5/15)
 D - a wand of acid (5/15)
Scrolls
 k - 4 scrolls of blinking
 q - 4 scrolls of amnesia
 s - 3 scrolls of recharging
 t - 7 scrolls of fog
 u - a scroll of holy word
 v - 5 scrolls of identify
 w - 5 scrolls of remove curse
 x - 2 scrolls of fear
Potions
 a - 2 potions of brilliance
 d - 6 potions of might
 e - 10 potions of curing
 g - 10 potions of heal wounds
 h - 6 potions of haste
 i - 7 potions of magic
 j - 3 potions of berserk rage
 o - 2 potions of invisibility
 p - 4 potions of resistance
 r - 5 potions of agility
Comestibles
 f - 5 bread rations
 z - 42 fruits
 A - 4 meat rations


   Skills:
 - Level 3.5 Fighting
 * Level 11.7 Maces & Flails
 - Level 3.2 Armour
 - Level 3.2 Shields
 - Level 1.2 Unarmed Combat


You had 4 spell levels left.
You didn't know any spells.

Dungeon Overview and Level Annotations

Branches:
Dungeon (1/1)

Altars:
Ashenzari
Cheibriados
Dithmenos
Elyvilon
Fedhas
Gozag
Hepliaklqana
Kikubaaqudgha
Makhleb
Nemelex Xobeh
Okawaru
Qazlal
Ru
Sif Muna
Trog
Uskayaw
Vehumet
Xom
Yredelemnul
Zin
The Shining One
Beogh
Jiyva
Lugonu


Innate Abilities, Weirdness & Mutations

You are resistant to torment.
Your stone body is resilient. (AC +4)
You are immune to poison.
You resist negative energy. (rN+)
You are resistant to electric shocks. (rElec)
You can survive without breathing.
You are immune to petrification.
You are immune to rotting.


Message History

The fiery explosion engulfs the cyclops.
The cyclops is heavily wounded.
The fiery explosion engulfs the ogre.
The ogre is severely wounded.
The fiery explosion engulfs you!
Your Maces & Flails skill gained 3 levels and is now at level 10!
You have reached level 3!
Your experience leads to an increase in your attributes!
Your base attributes are Str 19, Int 8, Dex 9.
Increase (S)trength, (I)ntelligence, or (D)exterity?
You feel stronger.
You have reached level 4!
You feel stronger.
The ogre is engulfed in roaring flames.
You kill the ogre!
Your Maces & Flails skill increases to level 11!
You have reached level 5!
The cyclops throws a large rock.
The large rock hits you!!
Ouch! That really hurt!
You die...

▓▓▓▓▓▓▓▓▓▓▓▓▓
▓.8©8.▓.8©8.▓
▓.))?.▓.....▓
▓.....▓.|.).▓
▓...C§▓.....▓
▓...§§▓.....▓
▓....@▓.....▓
▓..(..▓▓▓▓▓▓▓
▓▓▓▓▓▓▓


You could see a cyclops.

Vanquished Creatures
  2 ogres (D)
  An adder (D)
  A ball python (D)
4 creatures vanquished.

Notes
Turn   | Place    | Note
-------+----------+-------------------------------------------
     0 | D        | kraedy the Gargoyle Fighter began the quest for the Orb.
     0 | D        | Reached XP level 1. HP: 14/14 MP: 1/1
     0 | D        | Found a blossoming altar of Fedhas.
     1 | D        | Found a viscous altar of Jiyva.
     1 | D        | Found an ancient bone altar of Kikubaaqudgha.
     1 | D        | Found a hazy altar of Hepliaklqana.
     1 | D        | Found a corrupted altar of Lugonu.
     1 | D        | Found an opulent altar of Gozag.
     1 | D        | Found a burning altar of Makhleb.
    53 | D        | Found a deep blue altar of Sif Muna.
    53 | D        | Found a bloodstained altar of Trog.
    53 | D        | Found a sacrificial altar of Ru.
    53 | D        | Found a stormy altar of Qazlal.
    53 | D        | Found an iron altar of Okawaru.
    54 | D        | Found a sparkling altar of Nemelex Xobeh.
    56 | D        | Reached skill level 7 in Maces & Flails
    56 | D        | Reached XP level 2. HP: 19/19 MP: 2/2
    98 | D        | Became a worshipper of the Shining One
   185 | D        | Entered arena 1.
   192 | D        | Reached skill level 1 in Unarmed Combat
   206 | D        | Entered arena 2.
   206 | D        | Noticed a cyclops
   206 | D        | Noticed an ogre
   206 | D        | Reached * piety under the Shining One
   206 | D        | Noticed an ogre
   210 | D        | Killed an ogre
   210 | D        | Reached skill level 10 in Maces & Flails
   210 | D        | Reached XP level 3. HP: 9/23 MP: 3/3
   210 | D        | Reached XP level 4. HP: 11/28 MP: 4/4
   210 | D        | Killed an ogre
   210 | D        | Reached skill level 11 in Maces & Flails
   210 | D        | Reached XP level 5. HP: 12/32 MP: 5/5
   210 | D        | Hit by a large rock thrown by a cyclops

Skill      XL: |  1  2  3  4 |
---------------+-------------+-----
Maces & Flails | 7 10 11 | 11.7
Unarmed Combat | 1 |  1.2
Fighting       | |  3.5
Armour         | |  3.2
Shields        | |  3.2

Action                   |  1- 3 |  4- 6 || total
-------------------------+-------+-------++-------
Melee: Great mace        |    10 |       ||    10
  Use: Potion            |     1 |       ||     1
Armor: Plate armour      |    13 |       ||    13
Dodge: Dodged            |     8 |       ||     8
